 Dungeon Sprint DCSS version 0.27-a0-46-g34d46f0a3f (webtiles) character file.

Game seed: 2029668395992632847

36 night the Skirmisher (level 3, 0/36 HPs)
             Began as a Hill Orc Fighter on Jan 6, 2021.
             Slain by a human (8 damage)
             ... in the Dungeon (Sprint III: "The Ten Rune Challenge").
             The game lasted 00:13:31 (228 turns).

night the Skirmisher (Hill Orc Fighter)              Turns: 228, Time: 00:13:32

Health: 0/36       AC:  7    Str: 19    XL:     3   Next: 37%
Magic:  3/3        EV:  7    Int:  8    God:
Gold:   0          SH:  9    Dex: 10    Spells: 2/2 levels left

rFire    . . .     SeeInvis .   a - +0 rapier
rCold    . . .     Faith    .   c - +0 kite shield
rNeg     . . .     Spirit   .   b - +0 scale mail
rPois    .         Reflect  .   (no helmet)
rElec    .         Harm     .   (no cloak)
rCorr    .         Rampage  .   (no gloves)
Will     .....     NoTele   +   (no boots)
Stlth    ..........             (no amulet)
HPRegen  0.12/turn              (no ring)
MPRegen  0.08/turn              (no ring)

@: no status effects
A: no striking features
a: no special abilities


You were in the Dungeon.
You visited 1 branch

Inventory:

Hand Weapons
 a - a +0 rapier (weapon)
Armour
 b - a +0 scale mail (worn)
 c - a +0 kite shield (worn)
Scrolls
 j - a scroll of blinking
 k - a scroll of enchant weapon {unknown}
Potions
 d - a potion of might
 e - a potion of curing
 f - a potion of heal wounds
 g - a potion of haste
 h - 2 potions of magic
 i - a potion of berserk rage


   Skills:
 + Level 5.2 Fighting
 + Level 3.6 Short Blades
 + Level 4.8 Armour
 + Level 4.8 Shields


You had 2 spell levels left.
You didn't know any spells.
Your spell library was empty.

Dungeon Overview and Level Annotations

Branches:
Dungeon (1/1)

Altars:


Message History

You hit the human.
The human is heavily wounded.
The human hits you.
* * * LOW HITPOINT WARNING * * *
You hit the human.
The human is severely wounded.
The human barely misses you.
Your shield prevents you from hitting the human.
The human is severely wounded.
The human hits you but does no damage.
You hit the human.
The human is severely wounded.
You block the human's attack.
You closely miss the human.
The human is severely wounded.
The human hits you but does no damage.
You hit the human but do no damage.
The human is severely wounded.
The human hits you!
You die...

▓..# ▓#'####
▓.....#
▓.....#...≈≈.♣
▓.....#..≈≈≈≈♣♣♣
▓####'#..≈≈≈≈≈≈.
▓(..†[#.≈≈≈≈≈≈..
▓.....#.≈≈≈≈≈...
▓.@...#.≈≈≈.....
▓p#####.........
▓.....p.........
▓▓▓▓▓▓▓▓▓▓▓▓▓▓▓▓


You could see a human.

Vanquished Creatures
  Jessica (D)
  2 oozes (D)
  A rat (D)
4 creatures vanquished.

Notes
Turn   | Place    | Note
-------+----------+-------------------------------------------
     0 | D        | night the Hill Orc Fighter began the quest for the Orb.
     0 | D        | Reached XP level 1. HP: 19/19 MP: 1/1
    15 | D        | Reached skill level 4 in Fighting
    19 | D        | Reached XP level 2. HP: 28/28 MP: 2/2
   179 | D        | Noticed Jessica
   183 | D        | Killed Jessica
   184 | D        | Reached skill level 5 in Fighting
   184 | D        | Reached XP level 3. HP: 26/36 MP: 3/3
   228 | D        | Slain by a human

Illustrated notes

Levels and vault maps discovered:
D:        dungeon_sprint_mu [sprint_mu_entry_forest, sprint_mu_temple_rooms,
          sprint_mu_d1_spiders, sprint_mu_d2_genie, sprint_mu_d3_branching,
          sprint_mu_orc_legion, sprint_mu_elf_gauntlet, sprint_mu_hive_nellie,
          sprint_mu_lair_fedhas, sprint_mu_vaults_butterflies,
          sprint_mu_slime_circle, sprint_mu_swamp_cave, sprint_mu_snake_twists,
          sprint_mu_blade_basic, sprint_mu_crypt_fortress,
          sprint_mu_tomb_spiral, sprint_mu_vestibule_basic,
          sprint_mu_gehenna_hellfire, sprint_mu_dis_giant,
          sprint_mu_tartarus_statrot, sprint_mu_cocytus_islands, sprint_mu_zot1]

Skill      XL: |  1  2 |
---------------+-------+-----
Fighting       | 4 5 |  5.2
Armour         | 4 |  4.8
Shields        | 4 |  4.8
Short Blades   | 3 |  3.6

Action                   || total
-------------------------++-------
Melee: Rapier            ||    30
Armor: Scale mail        ||     9
Dodge: Dodged            ||     3
Block: Kite shield       ||    18

Table legend: (Time is in decaauts)
 A = Elapsed time spent in this place.
 B = Non-inter-level travel time spent in this place.
 C = Inter-level travel time spent in this place.
 D = Time resting spent in this place.
 E = Time spent auto-exploring this place.
 F = Levels seen in this place.
 G = Mean time per level.
                   A        B        C        D        E       F      G
               +--------+--------+--------+--------+--------+-----+--------+
         Total |    227 |    221 |      6 |    100 |      4 |   1 |  227.0 |
       Dungeon |    227 |    221 |      6 |    100 |      4 |   1 |  227.0 |
               +--------+--------+--------+--------+--------+-----+--------+

Top non-repeatable levels by time:
       D: 227 daAuts
